[Event "Titled Tuesday Blitz March 07 Late 2023"]
[White "Yuan, Qingyu"]
[Black "Andreikin, Dmitry"]
[WhiteFideId "8609772"]
[BlackFideId "4158814"]
[WhiteElo "2359"]
[BlackElo "2736"]
[Result "0-1"]
[Round "05"]
[TimeControl "180+2"]
[Date "2023.03.07"]
[WhiteClock "0:00:02"]
[BlackClock "0:00:06"]

1. e4 e6 2. d4 d5 3. Nd2 c5 4. Ngf3 cxd4 5. Nxd4 Nc6 6. Bb5 Bd7 7. Nxc6 bxc6 8. Bd3 Ne7 9. O-O Qb8 10. Qe2 Ng6 11. Nf3 Bd6 12. c4 O-O 13. b3 a5 14. Rd1 a4 15. Rb1 axb3 16. axb3 Re8 17. h3 c5 18. Qc2 d4 19. Bd2 Bf4 20. Be1 e5 21. Ra1 Bh6 22. Bf1 Nf4 23. Rxa8 Qxa8 24. Bd2 Bc6 25. Re1 f6 26. Bxf4 Bxf4 27. Bd3 Qa5 28. Rb1 Ra8 29. Rb2 Qc3 30. g3 Ra1+ 31. Kg2 Bh6 32. Qxc3 dxc3 33. Rc2 f5 34. Nxe5 fxe4 35. Be2 Bb7 36. Bg4 Bd2 37. Be6+ Kf8 38. Bd5 Bxd5 39. cxd5 Ke7 40. d6+ Ke6 41. d7 Ke7 42. Nc4 Rd1 43. Ra2 Kxd7 44. Nxd2 cxd2 45. Rc2 Rg1+ 0-1


[Site "https://www.chess.com"]

[Event "Titled Tuesday Blitz March 07 Late 2023"]
[White "Bortnyk, Olexandr"]
[Black "Maksimovic, Bojan"]
[WhiteFideId "14120828"]
[BlackFideId "14408120"]
[WhiteElo "2734"]
[BlackElo "2468"]
[Result "1-0"]
[Round "05"]
[TimeControl "180+2"]
[Date "2023.03.07"]
[WhiteClock "0:00:30"]
[BlackClock "0:00:01"]

1. d4 Nf6 2. Nc3 g6 3. e4 d5 4. e5 Ne4 5. Nce2 f6 6. Ng3 fxe5 7. dxe5 Nxg3 8. hxg3 Nc6 9. Bf4 Bg7 10. Nf3 Bg4 11. Bb5 O-O 12. Bxc6 bxc6 13. Qd2 Bxf3 14. gxf3 e6 15. O-O-O Qd7 16. Rh4 Rf7 17. Rdh1 Bf8 18. Qd3 Rg7 19. Bh6 Rf7 20. Bg5 Be7 21. Qxg6+ Rg7 22. Qxg7+ Kxg7 23. Rxh7+ Kg6 24. Bxe7 Rg8 25. R1h6+ Kf5 26. Bf6 Qe8 27. Rh5+ Kg6 28. g4 c5 29. R5h6# 1-0


[Site "https://www.chess.com"]

[Event "Titled Tuesday Blitz March 07 Late 2023"]
[White "Hakobyan, Aram"]
[Black "Holt, Conrad"]
[WhiteFideId "13306677"]
[BlackFideId "2034387"]
[WhiteElo "2563"]
[BlackElo "2592"]
[Result "1-0"]
[Round "05"]
[TimeControl "180+2"]
[Date "2023.03.07"]
[WhiteClock "0:00:33"]
[BlackClock "0:00:12"]

1. d4 d5 2. Nf3 Nf6 3. c4 c6 4. Nc3 dxc4 5. e4 b5 6. Be2 e6 7. O-O Bb7 8. Qc2 Be7 9. Rb1 O-O 10. b3 cxb3 11. Rxb3 a6 12. e5 Nd5 13. Ne4 Nd7 14. Nfg5 h6 15. Rh3 c5 16. Nxc5 Bxg5 17. Nxb7 Qc8 18. Nc5 Bxc1 19. Rxc1 Nf4 20. Rf3 Nxc5 21. Rxf4 Na4 22. Qd2 Qd7 23. Rg4 Kh8 24. Rh4 Rfc8 25. Re1 Kg8 26. Bd3 Rc7 27. Rxh6 gxh6 28. Qxh6 f5 29. exf6 Qxd4 30. Re4 Rc1+ 31. Qxc1 Qxd3 32. Qg5+ 1-0


[Site "https://www.chess.com"]

[Event "Titled Tuesday Blitz March 07 Late 2023"]
[White "Durarbayli, Vasif"]
[Black "Melkumyan, Hrant"]
[WhiteFideId "13402935"]
[BlackFideId "13302485"]
[WhiteElo "2543"]
[BlackElo "2604"]
[Result "1/2-1/2"]
[Round "05"]
[TimeControl "180+2"]
[Date "2023.03.07"]
[WhiteClock "0:00:11"]
[BlackClock "0:00:09"]

1. e4 c5 2. Nf3 Nc6 3. d4 cxd4 4. Nxd4 g6 5. Nc3 Bg7 6. Be3 Nf6 7. Bc4 O-O 8. Bb3 Re8 9. O-O d6 10. h3 Na5 11. Qe2 Nxb3 12. axb3 b6 13. Nc6 Qd7 14. Qb5 Bb7 15. Nxa7 Qxb5 16. Naxb5 Nxe4 17. Bxb6 Nxc3 18. bxc3 Ba6 19. Nc7 Bxf1 20. Rxa8 Rxa8 21. Nxa8 Be2 22. Bd8 Kf8 23. Nc7 e6 24. c4 Bd1 25. b4 Bxc2 26. Nb5 Ke8 27. Bc7 Kd7 28. Bxd6 Bd3 29. Bc5 Bxc4 30. Nd6 Bd5 31. Nxf7 h6 32. f4 Kc6 33. Kf2 Kb5 34. Nd6+ Kc6 35. g4 Bf8 36. Nf7 Bg7 37. Kg3 Bc4 38. h4 Be2 39. Nd6 h5 40. gxh5 gxh5 41. Ne4 Bd3 42. Ng5 Bf5 43. Be7 Bc3 44. Nf3 Kb5 45. Kf2 Kc4 46. Ke3 Bg4 47. Ne5+ Bxe5 48. fxe5 Kb5 49. Bd6 Kc6 50. Kf4 Kb5 51. Ke4 Kc6 52. Kd4 Kb5 53. Kd3 Bh3 54. Ke4 Bg4 55. Kf4 Bh3 56. Ke4 Bg4 57. Kf4 Bh3 58. Ke4 1/2-1/2


[Site "https://www.chess.com"]

[Event "Titled Tuesday Blitz March 07 Late 2023"]
[White "Bluebaum, Matthias"]
[Black "Fier, Alexandr"]
[WhiteFideId "24651516"]
[BlackFideId "2107139"]
[WhiteElo "2638"]
[BlackElo "2610"]
[Result "1/2-1/2"]
[Round "05"]
[TimeControl "180+2"]
[Date "2023.03.07"]
[WhiteClock "0:00:20"]
[BlackClock "0:00:52"]

1. d4 Nf6 2. c4 e6 3. Nc3 Bb4 4. e3 O-O 5. Bd2 c5 6. a3 Bxc3 7. Bxc3 Ne4 8. Ne2 Nxc3 9. Nxc3 d6 10. dxc5 dxc5 11. Qc2 Nc6 12. Bd3 h6 13. O-O-O Qa5 14. f4 a6 15. g4 b5 16. Bh7+ Kh8 17. Be4 Bb7 18. Rd7 Qb6 19. Qg2 Rad8 20. Rxb7 Qxb7 21. Bxc6 Qb6 22. g5 b4 23. gxh6 gxh6 24. Qh3 Kh7 25. Ne4 Qxc6 26. Nf6+ Kg6 27. Rg1+ Kxf6 28. Qh4+ Kf5 29. Qg4+ Kf6 30. Qh4+ Kf5 31. Qg4+ Kf6 32. Qh4+ 1/2-1/2


[Site "https://www.chess.com"]

[Event "Titled Tuesday Blitz March 07 Late 2023"]
[White "Hamidi, Amir Mohammad"]
[Black "Kramnik, Vladimir"]
[WhiteFideId "12563285"]
[BlackFideId "4101588"]
[WhiteElo "2228"]
[BlackElo "2712"]
[Result "1/2-1/2"]
[Round "05"]
[TimeControl "180+2"]
[Date "2023.03.07"]
[WhiteClock "0:01:37"]
[BlackClock "0:01:04"]

1. d4 Nf6 2. c4 e6 3. Nc3 d5 4. Bg5 Be7 5. e3 h6 6. Bh4 O-O 7. Nf3 Nbd7 8. Rc1 c5 9. cxd5 Nxd5 10. Bxe7 Nxe7 11. Be2 b6 12. O-O Bb7 13. a3 a6 14. dxc5 Nxc5 15. b4 Nd7 16. Qb3 Nd5 17. Rfd1 Qe7 18. Nxd5 Bxd5 19. Bc4 Bxf3 20. gxf3 Nf6 21. Be2 b5 22. f4 Rac8 23. Bf3 g5 24. fxg5 hxg5 25. Qb2 e5 26. Rxc8 Rxc8 27. Rc1 Rxc1+ 28. Qxc1 e4 29. Be2 Qe6 30. Qc3 Kh7 31. Qd4 Kg6 32. Kg2 Qb3 33. Qa1 Qc2 34. Kf1 Nd5 35. Qh8 Nf6 36. h4 gxh4 37. Qxh4 Qc1+ 38. Kg2 Qxa3 39. Qg3+ Kf5 40. Qf4+ Kg6 41. Qg3+ Kf5 42. Qf4+ Kg6 43. Qg3+ 1/2-1/2


[Site "https://www.chess.com"]

[Event "Titled Tuesday Blitz March 07 Late 2023"]
[White "Indjic, Aleksandar"]
[Black "Pulpan, Jakub"]
[WhiteFideId "911925"]
[BlackFideId "302759"]
[WhiteElo "2614"]
[BlackElo "2484"]
[Result "1-0"]
[Round "05"]
[TimeControl "180+2"]
[Date "2023.03.07"]
[WhiteClock "0:00:26"]
[BlackClock "0:00:01"]

1. d4 Nf6 2. c4 e6 3. Nc3 Bb4 4. e3 O-O 5. a3 Bxc3+ 6. bxc3 c5 7. Bd3 b6 8. f3 Bb7 9. e4 Ne8 10. Nh3 f5 11. exf5 exf5 12. O-O Nc6 13. Bg5 Qc7 14. Be3 Nf6 15. Nf4 Rae8 16. Qd2 Na5 17. Rae1 cxd4 18. Bxd4 Nxc4 19. Qc1 Nd6 20. h4 Nd5 21. Nxd5 Bxd5 22. Qg5 Rf7 23. Rxe8+ Nxe8 24. Bxf5 Be6 25. Bb1 Nf6 26. Re1 Qc4 27. h5 Qd5 28. Re5 Qb3 29. Bf5 Bxf5 30. Rxf5 h6 31. Qg6 Qe6 32. Kh2 Nd5 33. Qxe6 dxe6 34. Re5 Re7 35. c4 Nf4 36. Kg3 Nd3 37. Re3 Nc5 38. Bxc5 bxc5 39. Re5 Kf7 40. Rxc5 Kf6 41. Kf4 Rb7 42. Ra5 Rb2 43. g4 Rc2 44. Ra4 Rc3 45. Ke4 Rc1 46. Kd3 Rd1+ 47. Ke2 Rd4 48. Ke3 e5 49. Ra6+ Kg5 50. Rg6+ Kh4 51. Rxg7 Rxc4 52. Rxa7 Kg3 53. Rf7 Rc3+ 54. Ke4 Rxa3 55. Kxe5 Kh4 56. Rf5 Kg3 57. Kf6 Ra6+ 58. Kg7 Rb6 59. Rf6 Rxf6 60. Kxf6 Kh4 61. Kg6 1-0


[Site "https://www.chess.com"]

[Event "Titled Tuesday Blitz March 07 Late 2023"]
[White "Nakamura, Hikaru"]
[Black "Timmermans, Mark"]
[WhiteFideId "2016192"]
[BlackFideId "1026399"]
[WhiteElo "2879"]
[BlackElo "2460"]
[Result "1-0"]
[Round "05"]
[TimeControl "180+2"]
[Date "2023.03.07"]
[WhiteClock "0:01:59"]
[BlackClock "0:00:27"]

1. Nf3 Nf6 2. b3 e6 3. Bb2 d5 4. e3 Be7 5. d4 O-O 6. Nbd2 b6 7. c4 Bb7 8. cxd5 exd5 9. Bd3 Nbd7 10. O-O Ne4 11. Rc1 c5 12. dxc5 Ndxc5 13. Be2 a5 14. Nd4 Re8 15. Bb5 Rf8 16. Bc6 Ba6 17. Bxa8 Qxa8 18. Nf5 Bf6 19. Nxe4 Bxb2 20. Nxc5 bxc5 21. Rxc5 Bxf1 22. Kxf1 Rd8 23. Rxd5 Rxd5 24. Qxd5 Qa6+ 25. Qc4 Qb7 26. Nd6 Qd7 27. Qc8+ Qxc8 28. Nxc8 Kf8 29. Nb6 Ke7 30. Nc4 Bc3 31. Ke2 Ke6 32. e4 f5 33. f3 fxe4 34. fxe4 1-0


[Site "https://www.chess.com"]

[Event "Titled Tuesday Blitz March 07 Late 2023"]
[White "Naroditsky, Daniel"]
[Black "Matinian, Nikita"]
[WhiteFideId "2026961"]
[BlackFideId "24129100"]
[WhiteElo "2633"]
[BlackElo "2422"]
[Result "1-0"]
[Round "05"]
[TimeControl "180+2"]
[Date "2023.03.07"]
[WhiteClock "0:00:04"]
[BlackClock "0:00:04"]

1. e4 c5 2. c3 Nf6 3. e5 Nd5 4. Nf3 Nc6 5. Bc4 Nb6 6. Bb3 d5 7. exd6 Qxd6 8. O-O Bg4 9. Bxf7+ Kd7 10. d4 cxd4 11. cxd4 g6 12. d5 Bxf3 13. Qxf3 Nd4 14. Qg4+ Nf5 15. Nc3 Bg7 16. Be6+ Ke8 17. Ne4 Qe5 18. Re1 Nxd5 19. Bxf5 gxf5 20. Qxf5 Qxf5 21. Nd6+ Kf8 22. Nxf5 Bf6 23. Ne3 Nb4 24. Rd1 Kf7 25. a3 Nc6 26. Rb1 Rhd8 27. Bd2 Rd3 28. Be1 Rad8 29. Rxd3 Rxd3 30. Kf1 Rb3 31. Nd1 Ne5 32. Bc3 Nc4 33. Rc1 Bxc3 34. Nxc3 Rxb2 35. Nd1 Nd2+ 36. Ke1 Nb3 37. Rc7 Ra2 38. Rxb7 Rxa3 39. Ne3 a5 40. Nd5 Ke6 41. Nxe7 Nc5 42. Ra7 Nd3+ 43. Kd2 Nxf2 44. Nc6 Ne4+ 45. Ke2 Nc3+ 46. Kd2 a4 47. Nd4+ Kd5 48. Nc2 Ne4+ 49. Kc1 Rc3 50. Rxa4 Nc5 51. Rd4+ Kc6 52. Rh4 Nb3+ 53. Kb2 Rd3 54. Nb4+ 1-0


[Site "https://www.chess.com"]

[Event "Titled Tuesday Blitz March 07 Late 2023"]
[White "Firouzja, Alireza"]
[Black "Shapiro, David"]
[WhiteFideId "12573981"]
[BlackFideId "24133523"]
[WhiteElo "2904"]
[BlackElo "2300"]
[Result "1-0"]
[Round "05"]
[TimeControl "180+2"]
[Date "2023.03.07"]
[WhiteClock "0:02:39"]
[BlackClock "0:01:49"]

1. e4 e5 2. Nf3 Nf6 3. d3 Nc6 4. Nbd2 d5 5. c3 a5 6. h3 Bc5 7. Be2 O-O 8. Qc2 h6 9. Nf1 b6 10. g4 Ba6 11. Ng3 Nh7 12. h4 Qd7 13. g5 hxg5 14. hxg5 Rad8 15. exd5 Qxd5 16. d4 f5 17. Bxa6 exd4 18. Qb3 1-0


[Site "https://www.chess.com"]

[Event "Titled Tuesday Blitz March 07 Late 2023"]
[White "Preotu, Razvan"]
[Black "Yu, Yangyi"]
[WhiteFideId "2613280"]
[BlackFideId "8603820"]
[WhiteElo "2407"]
[BlackElo "2783"]
[Result "1/2-1/2"]
[Round "05"]
[TimeControl "180+2"]
[Date "2023.03.07"]
[WhiteClock "0:00:04"]
[BlackClock "0:00:03"]

1. e4 c5 2. Nf3 Nc6 3. Bb5 e6 4. O-O Nge7 5. Re1 b6 6. c3 a6 7. Ba4 c4 8. Bc2 Bb7 9. b3 b5 10. a4 Ng6 11. Na3 Nce5 12. Nd4 cxb3 13. Nxb3 b4 14. Nb1 Qc7 15. d4 Nc4 16. Nc5 Bxc5 17. dxc5 Qxc5 18. cxb4 Qxb4 19. Nd2 O-O 20. Rb1 Qc5 21. Rxb7 Nce5 22. Nf1 Rfc8 23. Rb2 Nc4 24. Ra2 Rc7 25. Ne3 Rac8 26. h3 h6 27. Bd3 Nce5 28. Rc2 Qb4 29. Rxc7 Rxc7 30. Bxa6 Nf4 31. Bd2 Qxe4 32. Be2 Qg6 33. Kh1 d5 34. Bf1 h5 35. g3 Nfd3 36. Bxd3 Nxd3 37. Rf1 d4 38. Ng2 e5 39. Nh4 Qe6 40. Qf3 e4 41. Qf5 Qc6 42. Kg1 g6 43. Qb5 Qc2 44. Bf4 Rc8 45. Qd5 Nxf4 46. gxf4 e3 47. fxe3 dxe3 48. Nxg6 Qxg6+ 49. Kh1 e2 50. Re1 Re8 51. Qg2 Qxg2+ 52. Kxg2 Re4 53. Kf3 Rxa4 54. Rxe2 Kg7 55. Re5 Kg6 56. Rg5+ Kh6 57. h4 Ra3+ 58. Ke4 Rh3 59. Kf5 Rxh4 60. Rg1 Rh2 61. Kf6 Rf2 62. f5 h4 63. Rg8 Kh5 64. Rg5+ Kh6 65. Rg8 Kh5 66. Rg5+ Kh6 67. Rg8 1/2-1/2


[Site "https://www.chess.com"]

[Event "Titled Tuesday Blitz March 07 Late 2023"]
[White "Sai Krishna G V"]
[Black "Caruana, Fabiano"]
[WhiteFideId "5028280"]
[BlackFideId "2020009"]
[WhiteElo "2359"]
[BlackElo "2818"]
[Result "0-1"]
[Round "05"]
[TimeControl "180+2"]
[Date "2023.03.07"]
[WhiteClock "0:00:07"]
[BlackClock "0:00:40"]

1. e4 e5 2. Nf3 Nc6 3. Bb5 a6 4. Ba4 Nf6 5. O-O b5 6. Bb3 Bc5 7. Nxe5 Nxe5 8. d4 Bxd4 9. Qxd4 d6 10. f4 Nc6 11. Qd3 O-O 12. Nc3 Bb7 13. Nd5 Na5 14. Bd2 Nxb3 15. axb3 Re8 16. Rae1 c5 17. Nxf6+ Qxf6 18. Bc3 Qe7 19. Qg3 f6 20. e5 b4 21. exf6 Qf7 22. Bd2 Qxf6 23. f5 Rxe1 24. Rxe1 Rf8 25. h4 h6 26. Bf4 Qxf5 27. Bxd6 Rf6 28. h5 Qxh5 29. Re7 Rg6 0-1


[Site "https://www.chess.com"]

[Event "Titled Tuesday Blitz March 07 Late 2023"]
[White "Fus, Jakub"]
[Black "Matlakov, Maxim"]
[WhiteFideId "1193023"]
[BlackFideId "4168003"]
[WhiteElo "2335"]
[BlackElo "2666"]
[Result "1/2-1/2"]
[Round "05"]
[TimeControl "180+2"]
[Date "2023.03.07"]
[WhiteClock "0:00:31"]
[BlackClock "0:00:08"]

1. e4 c5 2. Nf3 d6 3. Nc3 Nf6 4. d4 cxd4 5. Qxd4 Nc6 6. Qe3 g6 7. Bc4 Bg7 8. O-O O-O 9. h3 a6 10. a4 Bd7 11. Rd1 Rc8 12. Qe2 Qc7 13. Bg5 e6 14. Rd2 h6 15. Bh4 Nh5 16. Rad1 Ne5 17. Nxe5 Bxe5 18. Bb3 Bc6 19. g3 Ng7 20. f4 Bxc3 21. bxc3 d5 22. exd5 exd5 23. Bf6 Rfe8 24. Qf2 Nf5 25. Rd3 Re6 26. Be5 Rxe5 27. fxe5 Qxe5 28. Bxd5 Bxd5 29. Rxd5 Qxc3 30. g4 Ne3 31. Rd8+ Rxd8 32. Rxd8+ Kg7 33. Rd3 Qa1+ 34. Kh2 Qe5+ 35. Kg1 Qa1+ 36. Kh2 Qe5+ 37. Kg1 Qa1+ 1/2-1/2


[Site "https://www.chess.com"]

[Event "Titled Tuesday Blitz March 07 Late 2023"]
[White "Zarubitski, Viachaslau"]
[Black "Deac, Bogdan-Daniel"]
[WhiteFideId "13509373"]
[BlackFideId "1226380"]
[WhiteElo "2284"]
[BlackElo "2649"]
[Result "0-1"]
[Round "05"]
[TimeControl "180+2"]
[Date "2023.03.07"]
[WhiteClock "0:00:05"]
[BlackClock "0:00:29"]

1. c4 e6 2. Nf3 b6 3. g3 Bb7 4. Bg2 c5 5. O-O Nf6 6. b3 g6 7. Bb2 Bg7 8. d4 O-O 9. dxc5 bxc5 10. Nbd2 d6 11. e3 a5 12. Qe2 a4 13. Rfd1 Qb6 14. Rab1 axb3 15. axb3 Ra2 16. e4 e5 17. Ne1 Nc6 18. Nd3 Rfa8 19. Ra1 Nd4 20. Bxd4 cxd4 21. Rxa2 Rxa2 22. Nc1 Rc2 23. Qd3 Rc3 24. Qb1 Bh6 25. b4 Bxd2 26. Rxd2 Nxe4 27. Rb2 Rxc4 28. Bxe4 Bxe4 29. Qxe4 Rxc1+ 30. Kg2 Qc6 31. Qxc6 Rxc6 32. b5 Rb6 33. Kf3 d5 34. Ke2 Kf8 35. Kd3 Ke7 36. f4 f6 37. fxe5 fxe5 38. h4 h5 39. Rb1 Kd6 40. Rf1 Kc5 41. Rc1+ Kxb5 42. Re1 Re6 43. Rb1+ Kc5 44. Rc1+ Kd6 45. Ra1 Rf6 46. Ra6+ Ke7 47. Ra7+ Ke6 48. Ra6+ Kf5 49. Ra5 Rc6 50. Rxd5 Rc3+ 0-1


[Site "https://www.chess.com"]

[Event "Titled Tuesday Blitz March 07 Late 2023"]
[White "Lenderman, Aleksandr"]
[Black "Diaz Perez, Michel Alejandro"]
[WhiteFideId "2021285"]
[BlackFideId "3517179"]
[WhiteElo "2607"]
[BlackElo "2333"]
[Result "1-0"]
[Round "05"]
[TimeControl "180+2"]
[Date "2023.03.07"]
[WhiteClock "0:00:15"]
[BlackClock "0:00:04"]

1. Nf3 Nf6 2. c4 e6 3. Nc3 d5 4. e3 b6 5. b3 Bb7 6. Bb2 Be7 7. cxd5 exd5 8. d4 O-O 9. Bd3 a6 10. O-O Bd6 11. Rc1 Nbd7 12. Ne2 Qe7 13. Nf4 Rfe8 14. Bb1 g6 15. Nd3 Rac8 16. Nde5 c5 17. Nxd7 Nxd7 18. dxc5 bxc5 19. Re1 Red8 20. Nd2 Ne5 21. e4 d4 22. f4 Nd7 23. e5 Bb8 24. Be4 Nb6 25. Qf3 Bxe4 26. Nxe4 Nd5 27. Ba3 Ba7 28. Nd6 Rxd6 29. exd6 Qxd6 30. Re5 Ne3 31. Qe4 Kf8 32. Qb7 Rc7 33. Qxa7 Rxa7 34. Bxc5 Qxc5 35. Rcxc5 Rd7 36. Rc1 f6 37. Re4 Kf7 38. h3 f5 39. Re5 Rd6 40. Kf2 Kf6 41. g3 g5 42. Kf3 h5 43. Rec5 g4+ 44. hxg4 hxg4+ 45. Ke2 Nd5 46. Rc6 Ke6 47. Rxd6+ Kxd6 48. Kd3 Nb4+ 49. Kxd4 Nxa2 50. Rc5 Ke6 51. Rc6+ Kd7 52. Rxa6 Nc1 53. Ke5 Ne2 54. Kxf5 Nxg3+ 55. Kxg4 Ne2 56. f5 Ke7 57. Kg5 Nd4 58. Kg6 Kf8 59. f6 1-0


[Site "https://www.chess.com"]

[Event "Titled Tuesday Blitz March 07 Late 2023"]
[White "Ozer, Omer Faruk"]
[Black "Liang, Awonder"]
[WhiteFideId "6354564"]
[BlackFideId "2056437"]
[WhiteElo "2260"]
[BlackElo "2508"]
[Result "0-1"]
[Round "05"]
[TimeControl "180+2"]
[Date "2023.03.07"]
[WhiteClock "0:00:02"]
[BlackClock "0:00:14"]

1. d4 b6 2. Nf3 Bb7 3. g3 e6 4. Bg2 f5 5. O-O Nf6 6. c4 Be7 7. b3 O-O 8. Bb2 d6 9. Nc3 h6 10. Qc2 Na6 11. a3 c5 12. Rfd1 Ne4 13. d5 Nxc3 14. Bxc3 e5 15. b4 Qd7 16. b5 Nc7 17. a4 a5 18. Nxe5 dxe5 19. d6 Bxg2 20. dxc7 Qxc7 21. Kxg2 Rad8 22. Rxd8 Bxd8 23. Rd1 Qe7 24. Rd5 Bc7 25. Qd2 Rf7 26. Qe3 e4 27. Qd2 f4 28. f3 fxg3 29. hxg3 Qe6 30. g4 Qe7 31. Rh5 Qe6 32. Rd5 Re7 33. Rf5 Qxc4 34. Qd5+ Qxd5 35. Rxd5 Kf7 36. Rf5+ Kg6 37. Rd5 exf3+ 38. Kxf3 Kf7 39. e4 Ke6 40. Rf5 Rf7 41. Ke3 g6 42. Rd5 Rd7 43. Rxd7 Kxd7 44. e5 Ke6 45. Ke4 h5 46. gxh5 gxh5 47. Kf4 h4 48. Kg4 Bxe5 49. Bd2 Kd5 50. Kxh4 Kc4 51. Kg5 Kb3 52. Kf5 Bh2 0-1


[Site "https://www.chess.com"]

[Event "Titled Tuesday Blitz March 07 Late 2023"]
[White "Licznerski, Lukasz"]
[Black "Hernandez Gonzalez, William"]
[WhiteFideId "1179250"]
[BlackFideId "3509915"]
[WhiteElo "2450"]
[BlackElo "2374"]
[Result "0-1"]
[Round "05"]
[TimeControl "180+2"]
[Date "2023.03.07"]
[WhiteClock "0:00:04"]
[BlackClock "0:00:09"]

1. e4 c5 2. Nf3 d6 3. d4 cxd4 4. Qxd4 Nf6 5. Nc3 Nc6 6. Bb5 Bd7 7. Bxc6 Bxc6 8. Bg5 e6 9. O-O-O Be7 10. Qd3 Qa5 11. h4 Qa6 12. Qxa6 bxa6 13. Nd4 Bb7 14. f3 h6 15. Be3 O-O 16. Nb3 Rfc8 17. Na5 Bc6 18. Nxc6 Rxc6 19. Rd4 Ne8 20. Rd2 Nc7 21. Bf4 Nb5 22. Ne2 Rac8 23. c3 a5 24. Kc2 a4 25. a3 Rb6 26. Rd3 Rcb8 27. Bc1 Nc7 28. Nf4 Na6 29. Rdd1 Nc5 30. Nd3 Nb3 31. Be3 R6b7 32. Nb4 Rc8 33. g3 a5 34. Na2 Rcb8 35. Rb1 Bf6 36. Rhd1 Rd8 37. Nc1 d5 38. exd5 exd5 39. Bf2 d4 40. Bxd4 Bxd4 41. cxd4 Rc7+ 42. Kd3 Rxd4+ 43. Ke2 Re7+ 0-1


[Site "https://www.chess.com"]

[Event "Titled Tuesday Blitz March 07 Late 2023"]
[White "Martinez Ramirez, Lennis"]
[Black "Rasulov, Vugar"]
[WhiteFideId "3509079"]
[BlackFideId "13402390"]
[WhiteElo "2439"]
[BlackElo "2509"]
[Result "0-1"]
[Round "05"]
[TimeControl "180+2"]
[Date "2023.03.07"]
[WhiteClock "0:00:07"]
[BlackClock "0:01:19"]

1. c4 e6 2. g3 d5 3. Bg2 Nf6 4. Nf3 dxc4 5. O-O Nc6 6. Qa4 Bd6 7. Qxc4 O-O 8. d4 e5 9. dxe5 Nxe5 10. Nxe5 Bxe5 11. Nc3 c6 12. Rd1 Qe7 13. Be3 Be6 14. Qc5 Qxc5 15. Bxc5 Rfe8 16. h3 a6 17. e4 g5 18. Bd6 Bxd6 19. Rxd6 Rad8 20. Rad1 Rxd6 21. Rxd6 Kf8 22. a4 Ke7 23. e5 Nd7 24. f4 gxf4 25. gxf4 f6 26. Rd2 fxe5 27. fxe5 Nxe5 28. Re2 Nd3 29. Ne4 Nf4 30. Re3 Rg8 31. Ng3 h5 32. h4 Rg4 33. Bf1 Nd5 34. Ra3 Rxh4 35. Be2 Rb4 36. Nxh5 Rxb2 37. Ng3 a5 38. Kf2 Nf4 39. Kf3 Nxe2 40. Nxe2 Rb3+ 41. Rxb3 Bxb3 42. Nc3 Kd6 43. Ke4 Kc5 44. Kd3 Kb4 45. Ne4 Bxa4 46. Kd4 b6 47. Nd6 c5+ 48. Kd5 Bd7 49. Nf7 a4 50. Ne5 Bb5 0-1


[Site "https://www.chess.com"]

[Event "Titled Tuesday Blitz March 07 Late 2023"]
[White "Dominguez Perez, Leinier"]
[Black "Cuenca Jimenez, Jose Fernando"]
[WhiteFideId "3503240"]
[BlackFideId "2255570"]
[WhiteElo "2647"]
[BlackElo "2429"]
[Result "1-0"]
[Round "05"]
[TimeControl "180+2"]
[Date "2023.03.07"]
[WhiteClock "0:00:13"]
[BlackClock "0:00:02"]

1. d4 Nf6 2. Nf3 g6 3. e3 Bg7 4. Be2 O-O 5. O-O d5 6. b4 a5 7. b5 c5 8. bxc6 Nxc6 9. a4 Bf5 10. Na3 Ne4 11. Nb5 Rc8 12. Bb2 Nd6 13. c3 Nc4 14. Bc1 Qb6 15. Bxc4 dxc4 16. Re1 Bd3 17. Ba3 Rfe8 18. Ra2 Qa6 19. Rb2 Red8 20. e4 e6 21. e5 Rd7 22. h4 h6 23. h5 g5 24. Nh2 Ne7 25. Bxe7 Rxe7 26. Ng4 Rd8 27. Qf3 Bf5 28. Ne3 Bd3 29. Ng4 Bf5 30. Qg3 Qc6 31. f4 gxf4 32. Qxf4 Bxg4 33. Qxg4 Kh8 34. Rf2 Rg8 35. Qh4 Qd7 36. Ref1 Rf8 37. Nd6 Ree8 38. Rxf7 Rxf7 39. Rxf7 Qc6 40. Rxg7 Kxg7 41. Qf6+ Kh7 42. Qg6+ 1-0


[Site "https://www.chess.com"]

[Event "Titled Tuesday Blitz March 07 Late 2023"]
[White "Dardha, Daniel"]
[Black "Bujisho, Benjamin"]
[WhiteFideId "240990"]
[BlackFideId "608610"]
[WhiteElo "2581"]
[BlackElo "2371"]
[Result "1-0"]
[Round "05"]
[TimeControl "180+2"]
[Date "2023.03.07"]
[WhiteClock "0:00:47"]
[BlackClock "0:00:07"]

1. b3 Nf6 2. Bb2 g6 3. Bxf6 exf6 4. c4 f5 5. Nc3 h5 6. Rc1 h4 7. d4 Bh6 8. e3 d6 9. Nf3 c6 10. g3 hxg3 11. hxg3 Qf6 12. Bg2 Bg7 13. Rxh8+ Bxh8 14. b4 Qe7 15. Kf1 Nd7 16. b5 Kf8 17. Nd2 c5 18. Nd5 Qd8 19. Nb3 Rb8 20. Qf3 b6 21. Qf4 Nf6 22. dxc5 Nxd5 23. Bxd5 bxc5 24. Rd1 Be5 25. Qh6+ Bg7 26. Qf4 Be5 27. Qf3 Qc7 28. Kg2 Bd7 29. a4 Re8 30. Qe2 Kg7 31. Nd2 Rh8 32. Nf3 Bf6 33. Qd2 g5 34. e4 Qd8 35. a5 g4 36. Nh2 Bd4 37. exf5 Bxf5 38. Qf4 Qf6 39. Nxg4 Qg6 40. Rxd4 cxd4 41. Qxd4+ f6 42. Qxa7+ Kf8 43. Qb8+ Kg7 44. Qc7+ Kf8 45. Qd8+ 1-0


[Site "https://www.chess.com"]

[Event "Titled Tuesday Blitz March 07 Late 2023"]
[White "Rustemov, Alexander"]
[Black "Skvortsov, Andrei"]
[WhiteFideId "4119002"]
[BlackFideId "24108600"]
[WhiteElo "2859"]
[BlackElo "2259"]
[Result "1-0"]
[Round "05"]
[TimeControl "180+2"]
[Date "2023.03.07"]
[WhiteClock "0:02:16"]
[BlackClock "0:02:13"]

1. d4 e6 2. Nf3 c5 3. c4 cxd4 4. Nxd4 Nf6 5. Nc3 a6 6. g3 Nc6 7. Bg2 Qc7 8. O-O d6 9. b3 Be7 10. Bb2 O-O 11. Rc1 Bd7 12. Nd5 Qb8 13. Nxc6 1-0


[Site "https://www.chess.com"]

[Event "Titled Tuesday Blitz March 07 Late 2023"]
[White "Saveliev, Alexei"]
[Black "Li, Ruifeng"]
[WhiteFideId "24128546"]
[BlackFideId "2061074"]
[WhiteElo "2271"]
[BlackElo "2441"]
[Result "1/2-1/2"]
[Round "05"]
[TimeControl "180+2"]
[Date "2023.03.07"]
[WhiteClock "0:00:08"]
[BlackClock "0:00:06"]

1. c4 e5 2. Nc3 Nc6 3. Nf3 g6 4. e3 Bg7 5. d4 d6 6. Be2 f5 7. O-O e4 8. Nd2 Nf6 9. b3 O-O 10. Bb2 Kh8 11. a3 Ne7 12. f3 exf3 13. Bxf3 c6 14. Qc2 Be6 15. Rae1 Qd7 16. e4 Rae8 17. d5 Bg8 18. exf5 Nxf5 19. Nce4 Nxe4 20. Bxe4 cxd5 21. Bxg7+ Qxg7 22. Bxf5 Rxe1 23. Rxe1 Rxf5 24. Qd3 dxc4 25. bxc4 d5 26. c5 d4 27. Ne4 Rf4 28. Nd6 h6 29. g3 Rf8 30. Re4 Qf6 31. Rf4 Qe7 32. Rxf8 Qxf8 33. Qxd4+ Kh7 34. Nxb7 Qf3 35. Qd7+ Kh8 36. Qd4+ Kh7 37. Qd7+ Kh8 38. Qd4+ Kh7 1/2-1/2


[Site "https://www.chess.com"]

[Event "Titled Tuesday Blitz March 07 Late 2023"]
[White "Do Valle Cardoso, Lucas"]
[Black "Movahed, Sina"]
[WhiteFideId "2163144"]
[BlackFideId "42520835"]
[WhiteElo "2383"]
[BlackElo "2225"]
[Result "1-0"]
[Round "05"]
[TimeControl "180+2"]
[Date "2023.03.07"]
[WhiteClock "0:00:43"]
[BlackClock "0:01:08"]

1. e4 c5 2. Nf3 d6 3. d4 cxd4 4. Nxd4 Nf6 5. Nc3 a6 6. Be3 e5 7. Nb3 Be7 8. f3 Be6 9. Qd2 b5 10. O-O-O h5 11. Nd5 Nxd5 12. exd5 Bf5 13. Kb1 Nd7 14. Na5 O-O 15. Nc6 Qe8 16. Bd3 Bxd3 17. Qxd3 f5 18. c4 bxc4 19. Qxc4 Bf6 20. Rhe1 h4 21. Qc2 g6 22. g4 hxg3 23. hxg3 Bg7 24. Rh1 Nf6 25. Bg5 Rc8 26. Qc4 Qf7 27. Qxa6 e4 28. fxe4 Nxe4 29. Ne7+ Qxe7 30. Bxe7 Rb8 31. Bxf8 Rxb2+ 32. Kc1 Be5 33. Bxd6 1-0


[Site "https://www.chess.com"]